 Dungeon Crawl Stone Soup version 0.28-a0-938-gbc3f381ebc (webtiles) character file.

Game seed: 10879905550856684881

662 ytrimaz the Grave Robber (level 7, -2/46 HPs)
             Began as a Demonspawn Necromancer on Nov 28, 2021.
             Slain by an ogre (33 damage)
             ... on level 5 of the Dungeon.
             The game lasted 00:06:35 (5934 turns).

ytrimaz the Grave Robber (Demonspawn Necromancer)   Turns: 5934, Time: 00:06:35

Health: -2/46      AC:  4    Str:  9    XL:     7   Next: 30%
Magic:  11/14      EV: 12    Int: 18    God:
Gold:   252        SH:  0    Dex: 13    Spells: 8/16 levels left

rFire   . . .      SeeInvis .   m - +7 dagger of Conflict {drain, rElec}
rCold   . . .      Faith    .   (no shield)
rNeg    . . .      Spirit   .   h - +1 robe {Will+}
rPois   .          Reflect  .   (no helmet)
rElec   +          Harm     .   (no cloak)
rCorr   .          Rampage  .   (no gloves)
Will    +....                   j - +0 pair of boots
Stlth   ++........              (no amulet)
HPRegen 0.15/turn               (no ring)
MPRegen 0.14/turn               (no ring)

@: no status effects
A: hooves 2, foul stench 1, sanguine armour 1
a: no special abilities


You were on level 5 of the Dungeon.
You visited 1 branch of the dungeon, and saw 5 of its levels.

You collected 252 gold pieces.

Inventory:

Hand Weapons
 d - a +3 short sword of speed
 m - the +7 dagger of Conflict (weapon) {drain, rElec}
   (You found it on level 4 of the Dungeon)

   A truly terrible weapon, it drains the life of any living foe it strikes.
   rElec:     It insulates you from electricity.
Armour
 h - a +1 robe of willpower (worn)
 j - a +0 pair of boots (worn)
Scrolls
 b - a scroll of immolation
 c - a scroll of teleportation
 l - a scroll of enchant weapon
 n - a scroll of noise {unknown}
Potions
 a - a potion of berserk rage
 e - a potion of haste
 f - a potion of heal wounds
 g - a potion of ambrosia
 i - 2 potions of curing {unknown}
 k - a potion of lignification {unknown}
 o - a potion of attraction {unknown}


   Skills:
 * Level 1.9 Short Blades
 - Level 1.7 Dodging
 - Level 1.7 Stealth
 + Level 5.3 Spellcasting
 + Level 7.3 Necromancy


You had 8 spell levels left.
You knew the following spells:

 Your Spells              Type           Power      Damage    Failure   Level
a - Pain                  Necr           100%       1d9       1%          1
b - Vampiric Draining     Necr           31%        2d8       1%          3
c - Animate Dead          Necr           15%        N/A       6%          4

Your spell library contained the following spells:

 Spells                   Type           Power      Damage    Failure   Level
 Animate Skeleton         Necr           62%        N/A       1%          1
 Shock                    Conj/Air       16%        1d4       13%         1
 Agony                    Necr           31%        N/A       19%         5
 Swiftness                Air            4%         N/A       36%         3
 Airstrike                Air            2%         N/A       78%         4


Dungeon Overview and Level Annotations

Branches:
Dungeon (5/15)
 Temple: D:4-7

Altars:
Ashenzari
Okawaru
Ru
Uskayaw

Shops:
D:1 ?:*


Innate Abilities, Weirdness & Mutations

You have hoof-like feet.
You may rarely emit foul miasma when damaged in melee.
When seriously injured, your blood forms armour. (AC +0)


Message History

Eustachio is severely wounded.
Eustachio gestures wildly while chanting.
The crimson imp hits you but does no damage.
The crimson imp completely misses you. The iron imp hits you!
You hit Eustachio.
Eustachio is almost dead.
Eustachio barely misses you. The crimson imp hits you.
You emit a cloud of foul miasma!
You barely miss Eustachio.
Eustachio is almost dead.
The crimson imp hits you.
Your blood congeals into armour.
Eustachio closely misses you. The crimson imp closely misses you.
The iron imp closely misses you.
You hit Eustachio. You drain Eustachio.
You kill Eustachio!
The crimson imp disappears in a puff of smoke!
The iron imp disappears in a puff of smoke!
The crimson imp disappears in a puff of smoke!
The rat disappears in a puff of smoke!
The quokka disappears in a puff of smoke!
Casting: Pain (safe; 1% risk of failure)
Confirm with . or Enter, or press ? or * to list all spells.
You don't know that spell.
o - a murky coppery potion
Things that are here:
a +2 vampiric rapier; a +0 leather armour; the human corpse of Eustachio Your blood armour dries and flakes away.
An ogre is nearby!
An ogre is nearby!
An ogre is nearby!
Okay, then.
A komodo dragon comes into view.
The ogre writhes in agony.
The ogre writhes in agony!
The komodo dragon hisses angrily.
The komodo dragon hisses menacingly.
The ogre writhes in agony.
The ogre hits you with a +0 giant spiked club!!
Ouch! That really hurt!
You die...

#...####.....####
..$..#...........
..............?..
......##...$.####
..............#.
.......).........
#...###.....###..
##.####..........
#.....@........
....####O...l...
.# #........
..$....[.
#........
.........
......... .......


You could see a komodo dragon and an ogre.

Vanquished Creatures
  Eustachio (D:5)
  A black bear (D:4)
  An ogre (D:4)
  A scorpion (D:4)
  Terence (D:1)
  2 orc wizards (D:4)
  5 adders
  7 gnolls (D:3)
  A white imp (D:3)
  3 ufetubi
  A worm (D:2)
  2 dart slugs
  3 orcs (D:4)
  5 ball pythons
  7 endoplasms
  4 giant cockroaches
  6 goblins
  4 hobgoblins
  6 kobolds
  6 quokkas
  5 bats
  3 frilled lizards
  5 rats
80 creatures vanquished.

Vanquished Creatures (others)
  37 plants (D:1)
37 creatures vanquished.

Grand Total: 117 creatures vanquished

Notes
Turn   | Place    | Note
-------+----------+-------------------------------------------
     0 | D:1      | ytrimaz the Demonspawn Necromancer began the quest for the
                  | Orb.
     0 | D:1      | Reached XP level 1. HP: 13/13 MP: 3/3
   507 | D:2      | Reached skill level 5 in Necromancy
   507 | D:2      | Gained mutation: When seriously injured, your blood forms
                  | armour. (AC +0) [demonic ancestry]
   507 | D:2      | Reached XP level 2. HP: 16/19 MP: 1/5
   575 | D:2      | Noticed Terence
   620 | D:1      | Killed Terence
   621 | D:1      | Reached XP level 3. HP: 3/24 MP: 2/6
   908 | D:1      | Learned a level 3 spell: Vampiric Draining
   987 | D:1      | Found a faded altar of an unknown god.
  1141 | D:1      | Found Siohang's Book Emporium.
  1143 | D:1      | Found Zot Ugi's General Store.
  1258 | D:1      | Found Kahiygee's Magic Scroll Emporium.
  1831 | D:2      | Gained mutation: You have large cloven feet. [demonic
                  | ancestry]
  1831 | D:2      | Reached XP level 4. HP: 23/30 MP: 5/8
  2870 | D:2      | Learned a level 4 spell: Animate Dead
  3189 | D:3      | Found an iron altar of Okawaru.
  3453 | D:3      | Found a hide-covered altar of Uskayaw.
  3454 | D:3      | Found a sacrificial altar of Ru.
  3457 | D:3      | Found a broken altar of Ashenzari.
  3871 | D:3      | Reached skill level 6 in Necromancy
  3871 | D:3      | Reached XP level 5. HP: 35/35 MP: 0/10
  5090 | D:4      | Noticed a black bear
  5103 | D:4      | HP: 1/35 [black bear (7)]
  5105 | D:4      | Killed a black bear
  5106 | D:4      | Gained mutation: You may rarely emit foul miasma when
                  | damaged in melee. [demonic ancestry]
  5106 | D:4      | Reached XP level 6. HP: 24/41 MP: 2/12
  5347 | D:4      | Reached skill level 1 in Short Blades
  5679 | D:4      | Reached skill level 5 in Spellcasting
  5679 | D:4      | Reached skill level 7 in Necromancy
  5797 | D:4      | Identified the +7 dagger of Conflict {drain, rElec}
  5820 | D:5      | Entered Level 5 of the Dungeon
  5828 | D:5      | Gained mutation: You have hoof-like feet. [demonic
                  | ancestry]
  5828 | D:5      | Reached XP level 7. HP: 40/46 MP: 14/14
  5893 | D:5      | Noticed Eustachio
  5908 | D:5      | Killed Eustachio
  5930 | D:5      | Noticed a komodo dragon
  5934 | D:5      | Slain by an ogre

Illustrated notes

Levels and vault maps discovered:
D:1:      eino_arrival_water_star, layout_loops_ring, serial_shops,
          nicolae_shop_statue_plus, nicolae_shop_waterfront, shop,
          dreamdust_ecumenical_altar_statues, hangedman_feature_mirror,
          st_stairs_6, serial_bayou_lagoon_a
D:2:      minmay_spotlight, layout_loops_corners, grunt_decor_mini_mirrors,
          kennysheep_generic_room_3, uniq_terence
D:3:      layout_loops_ring, kennysheep_okawaru_gauntlet,
          chequers_temple_overflow_statue_of_worship
D:4:      layout_basic
D:5:      layout_rooms, nicolae_fountain_basement, uniq_eustachio

Skill      XL: |  1  2  3  4  5  6 |
---------------+-------------------+-----
Necromancy     | 5 6 7 |  7.3
Spellcasting   | 3 4 5 |  5.3
Short Blades   | 1 |  1.9
Dodging        | |  1.7
Stealth        | |  1.7

Action                   |  1- 3 |  4- 6 |  7- 9 || total
-------------------------+-------+-------+-------++-------
Melee: Unarmed           |     4 |       |       ||     4
       Short sword       |       |    64 |       ||    64
       Kick              |       |     8 |       ||     8
       Dagger            |       |     6 |     9 ||    15
 Cast: Pain              |    45 |    94 |     3 ||   142
       Vampiric Draining |       |     9 |       ||     9
  Use: Scroll            |     3 |     7 |       ||    10
       Potion            |       |     1 |       ||     1
 Stab: Sleeping          |       |       |     1 ||     1
Armor: Robe              |    16 |    29 |     2 ||    47
Dodge: Dodged            |    28 |    69 |     8 ||   105

Table legend: (Time is in decaauts)
 A = Elapsed time spent in this place.
 B = Non-inter-level travel time spent in this place.
 C = Inter-level travel time spent in this place.
 D = Time resting spent in this place.
 E = Time spent auto-exploring this place.
 F = Levels seen in this place.
 G = Mean time per level.
                   A        B        C        D        E       F      G
               +--------+--------+--------+--------+--------+-----+--------+
         Total |   5923 |   5735 |    188 |    582 |   4412 |   5 | 1184.6 |
       Dungeon |   5923 |   5735 |    188 |    582 |   4412 |   5 | 1184.6 |
               +--------+--------+--------+--------+--------+-----+--------+

Top non-repeatable levels by time:
     D:2: 1885 daAuts
     D:1: 1483 daAuts
     D:4: 1273 daAuts
     D:3: 1186 daAuts
     D:5: 95 daAuts
